 Dungeon Crawl Stone Soup version 0.14-a0-2679-gcb94c3d (webtiles) character file.

824 Psiweapon the Vexing (level 7, -2/46 HPs)
             Began as a Vampire Enchanter on Feb 17, 2014.
             Was an Initiate of Dithmenos.
             Slain by Pikel
             ... wielding a +1,+2 whip of electrocution
              (10 damage)
             ... on Level 5 of the Dungeon.
             The game lasted 00:23:08 (5313 turns).

Psiweapon the Vexing (Vampire Enchanter)            Turns: 5313, Time: 00:23:08

HP  -2/46        AC  4     Str  8      XL: 7   Next: 21%
MP   7/21        EV 12     Int 18      God: Dithmenos [......]
Gold 206         SH  0     Dex 14      Spells:  4 memorised,  2 levels left

rFire  . . .     SeeInvis +     p - +0,+1 dagger (distort)
rCold  + + .     Clarity  .     b - +1 robe (curse)
rNeg   + + +     Conserve .     (no shield)
rPois  +         rCorr    .     (no helmet)
rElec  .         rRot     +     r - +0 orc cloak
SustAb . .       Spirit   .     (no gloves)
rMut   .         Warding  .     (no boots)
Saprov . . .     Stasis   .     (no amulet)
MR     .....                    (no ring)
                                t - ring of magical power

@: regenerating slowly, not resistant to hostile enchantments, very stealthy
A: bottle blood, fangs 3, see invisible, unbreathing
a: Bat Form, Bottle Blood, Renounce Religion


You were on level 5 of the Dungeon.
You worshipped Dithmenos.
Dithmenos was noncommittal.
You were near bloodless.

You visited 2 branches of the dungeon, and saw 6 of its levels.

You collected 206 gold pieces.

Inventory:

Hand weapons
 a - a +1,+1 dagger
 p - a +0,+1 dagger of distortion (weapon)
 s - a +3,+4 elven dagger
 w - a -1,+0 orcish dagger of venom
Missiles
 d - 7 darts (quivered)
 n - an exploding dart
Armour
 b - a cursed +1 robe (worn)
 r - a +0 orcish cloak (worn)
Scrolls
 f - 3 scrolls of remove curse
 g - a scroll of amnesia {unknown}
 k - a scroll of fog
 m - a scroll of curse jewellery {unknown}
 u - a scroll of blinking {unknown}
 y - a scroll of immolation {unknown}
Jewellery
 l - an uncursed ring of teleportation
 t - a ring of magical power (left hand)
 v - a cursed amulet of resist mutation {unknown}
Potions
 e - a potion of restore abilities {unknown}
 i - 3 potions of curing
 j - 3 potions of heal wounds
 o - 3 potions of speed {unknown}
 q - a potion of cure mutation {unknown}
 x - a potion of magic {unknown}
 z - 4 potions of blood
Books
 c - a book of Maledictions

   Spells                             Type                      Level
   *Corona                            Hexes                        1
   *Sure Blade                        Hexes/Charms                 2
   *Ensorcelled Hibernation           Hexes/Ice                    2
   *Confuse                           Hexes                        3
   Enslavement                        Hexes                        4
   Invisibility                       Hexes                        6


   Skills:
 + Level 3.8 Short Blades
 + Level 3.3 Throwing
 - Level 2.1 Dodging
 + Level 6.7 Stealth
 - Level 2.0 Spellcasting
 + Level 7.3 Hexes


You had 2 spell levels left.
You knew the following spells:

 Your Spells              Type           Power        Failure   Level  Hunger
a - Corona                Hex            ####...      1%          1    #......
b - Ensorcelled Hibernat  Hex/Ice        ###...       8%          2    ##.....
c - Sure Blade            Hex/Chrm       ###.......   8%          2    ##.....
d - Confuse               Hex            ####....     2%          3    ####...


Dungeon Overview and Level Annotations

Branches:
Dungeon (5/16)             Temple (1/1) D:4

Altars:
Ashenzari
Cheibriados
Dithmenos
Elyvilon
Fedhas
Kikubaaqudgha
Makhleb
Nemelex Xobeh
Okawaru
Sif Muna
Trog
Vehumet
Yredelemnul
Zin
The Shining One

Annotations:
D:5 Pikel


Innate Abilities, Weirdness & Mutations

You heal slowly.
You can bottle blood from corpses.
You have razor-sharp teeth.*
You have supernaturally acute eyesight.
You can survive without breathing.*


Message History

Aim: Pikel, wielding a runed whip and wearing a robe Pikel resists.
Pikel hits you with a runed whip!
You are electrocuted!
* * * LOW HITPOINT WARNING * * *
Casting: Ensorcelled Hibernation
Confirm with . or Enter, or press ? or * to list all spells.
Aiming: Confuse
Press: ? - help, Shift-Dir - straight line, f/p - Pikel
Aim: Pikel, wielding a whip of electrocution and wearing a robe Pikel resists with significant effort.
Pikel hits you with a whip of electrocution.
* * * LOW HITPOINT WARNING * * *
A slave comes into view.
Casting: Confuse
Confirm with . or Enter, or press ? or * to list all spells.
Aiming: Confuse
Press: ? - help, Shift-Dir - straight line, f/p - Pikel
Aim: Pikel, wielding a whip of electrocution and wearing a robe Pikel resists with significant effort.
Pikel hits you with a whip of electrocution!
You die...

#...#.# #.#
########.#.###.########
.K.....................
.....###.#.##....######
....( #.#.##....#
#.@.(###.#.###...#
...................#
..##.#K..#.####...#
#.@.#.# #?.... ###....#
###... #....# ...#
#[...# .## ..#.## ..#.#
..#.# ##(#.# #.#


You could see Pikel and a slave.

Vanquished Creatures
  A phantom (D:5)
  A gnoll sergeant (D:5)
  2 hounds
  2 orc priests (D:4)
  2 iguanas (D:4)
  An orc wizard (D:4)
  A worker ant (D:4)
  Natasha (D:5)
  7 adders
  4 gnolls (D:5)
  A giant mite (D:3)
  2 worms
  An adder zombie (D:5)
  4 giant geckos
  15 orcs
  15 goblins
  11 hobgoblins
  2 jackals (D:2)
  11 kobolds
  An ooze (D:1)
  2 ball pythons
  11 bats
  2 giant cockroaches
  11 giant newts
  A gnoll skeleton (D:5)
  A goblin skeleton (D:5)
  7 rats
  A rat skeleton (D:5)
121 creatures vanquished.

Vanquished Creatures (others)
  A giant cockroach (D:3)
1 creature vanquished.

Grand Total: 122 creatures vanquished

Notes
Turn   | Place    | Note
--------------------------------------------------------------
     0 | D:1      | Psiweapon, the Vampire Enchanter, began the quest for the Orb.
     0 | D:1      | Reached XP level 1. HP: 13/13 MP: 3/3
    78 | D:1      | Reached skill level 1 in Throwing
   193 | D:1      | Reached XP level 2. HP: 17/19 MP: 2/4
   216 | D:1      | Learned a level 2 spell: Ensorcelled Hibernation
   586 | D:1      | Learned a level 2 spell: Sure Blade
   696 | D:2      | Reached skill level 5 in Hexes
   696 | D:2      | Reached XP level 3. HP: 11/24 MP: 0/6
  1060 | D:2      | Reached XP level 4. HP: 30/30 MP: 7/7
  1526 | D:2      | Reached skill level 5 in Stealth
  1816 | D:3      | Reached XP level 5. HP: 35/35 MP: 9/9
  2303 | D:3      | Learned a level 3 spell: Confuse
  2469 | D:3      | Reached skill level 6 in Hexes
  2546 | D:4      | Found a staircase to the Ecumenical Temple.
  2604 | D:4      | Noticed an ogre
  3091 | Temple   | Entered the Ecumenical Temple
  3184 | Temple   | Became a worshipper of Dithmenos
  3383 | D:4      | Reached XP level 6. HP: 19/41 MP: 2/10
  3831 | D:4      | Noticed a phantom
  4346 | D:5      | Entered Level 5 of the Dungeon
  4919 | D:5      | Reached skill level 7 in Hexes
  5143 | D:5      | Reached XP level 7. HP: 32/46 MP: 1/12
  5210 | D:5      | Noticed Natasha
  5295 | D:5      | Killed Natasha
  5304 | D:5      | Noticed Pikel
  5313 | D:5      | Slain by Pikel

Action                   |  1- 3 |  4- 6 |  7- 9 || total
-------------------------+-------+-------+-------++-------
Melee: Dagger            |    39 |   156 |     5 ||   200
Throw: Dart              |     7 |     6 |     1 ||    14
       Javelin           |    11 |    56 |     5 ||    72
 Cast: Corona            |     4 |       |       ||     4
       Ensorcelled Hiber |    13 |    42 |     4 ||    59
       Sure Blade        |       |     5 |       ||     5
       Confuse           |       |    15 |     4 ||    19
 Abil: End Transformatio |       |     2 |       ||     2
       Bat Form          |       |     2 |       ||     2
       Bottle Blood      |       |     4 |       ||     4
  Use: Scroll            |       |     5 |       ||     5
 Stab: Sleeping          |    12 |    32 |     1 ||    45
       Confused          |       |     2 |       ||     2
       Distracted        |       |     1 |       ||     1
